 Dungeon Crawl Stone Soup version 0.28.0-45-g0d030f2227 (webtiles) character file.

Game seed: 13268727378247427072

302 nightchill the Chopper (level 6, -9/53 (56) HPs)
             Began as a Hill Orc Fighter on Mar 30, 2022.
             Mangled by a wight
             ... wielding a +3 scimitar
              (11 damage)
             ... on level 3 of the Dungeon.
             The game lasted 00:06:22 (3000 turns).

nightchill the Chopper (Hill Orc Fighter)           Turns: 3000, Time: 00:06:22

HP:   -9/53 (56)    AC: 11    Str: 21    XL:     6   Next: 37%
MP:   6/6           EV:  5    Int:  8    God:
Gold: 190           SH:  4    Dex: 10    Spells: 5/5 levels left

rFire   . . .      SeeInvis .   a - +0 war axe
rCold   . . .      Faith    .   c - +0 buckler
rNeg    . . .      Spirit   .   k - +0 plate armour
rPois   .          Reflect  .   (no helmet)
rElec   .          Harm     .   (no cloak)
rCorr   .          Rampage  .   (no gloves)
Will    .....                   (no boots)
Stlth   ..........              (no amulet)
HPRegen 0.17/turn               (no ring)
MPRegen 0.10/turn               (no ring)

@: drained
A: no striking features
a: no special abilities


You were on level 3 of the Dungeon.
You visited 1 branch of the dungeon, and saw 4 of its levels.

You collected 190 gold pieces.

Inventory:

Hand Weapons
 a - a +0 war axe (weapon)
Missiles
 i - 100 stones (quivered)
Armour
 b - a +0 scale mail
 c - a +0 buckler (worn)
 h - a +0 ring mail
 k - a +0 plate armour (worn)
Magical Staves
 l - a staff of death
Jewellery
 j - a +4 ring of protection
 o - a +6 ring of dexterity
 q - a ring of protection from cold
 t - a ring of wizardry
Wands
 p - a wand of iceblast (8)
Scrolls
 g - 2 scrolls of teleportation {unknown}
 n - a scroll of holy word {unknown}
 s - a scroll of magic mapping {unknown}
Potions
 d - a potion of might
 e - 2 potions of heal wounds {unknown}
 f - a potion of degeneration {unknown}
 m - a potion of curing {unknown}
 r - 2 potions of flight {unknown}


   Skills:
 + Level 5.6 Fighting
 * Level 7.2 Axes
 - Level 3.2 Armour
 - Level 3.2 Shields


You had 5 spell levels left.
You didn't know any spells.
Your spell library contained the following spells:

 Spells                   Type           Power      Damage    Failure   Level
 Beastly Appendage        Tmut           0%         N/A       100%        1
 Shock                    Conj/Air       0%         1d3       100%        1
 Slow                     Hex            0%         N/A       100%        1


Dungeon Overview and Level Annotations

Branches:
Dungeon (4/15)
 Temple: D:4-7

Altars:
Dithmenos
Nemelex Xobeh
Okawaru

Annotations:
D:2 1 runed translucent door, exclusion: door, Crazy Yiuf
D:3 exclusion: downstairs


Message History

No target in view!
Found 19 bolts.
You enter the shallow water.
Moving in this stuff is going to be slow.
A wight is nearby!
A wight is nearby!
You hit the wight.
The wight is lightly damaged.
The wight hits you with a +3 scimitar.
You feel drained.
You hit the wight but do no damage.
The wight is lightly damaged.
The wight hits you from afar with a +1 halberd!
The wight hits you with a +3 scimitar!
You hit the wight.
The wight is moderately damaged.
The wight hits you but does no damage. The wight hits you with a +3 scimitar.
You feel drained.
You are too injured to fight recklessly!
You are too injured to fight recklessly!
Why would you want to do that? The wight hits you but does no damage.
You enter the shallow water.
Moving in this stuff is going to be slow.
The wight hits you with a +3 scimitar!
* * * LOW HITPOINT WARNING * * *
Why would you want to do that?
There is a stone staircase leading up here.
The wight hits you from afar with a +1 halberd!
* * * LOW HITPOINT WARNING * * *
The wight hits you but does no damage.
You climb upwards.
Level annotation: exclusion: downstairs
There is a stone staircase leading down here.
You hit the wight but do no damage.
The wight is moderately damaged.
The wight hits you but does no damage.
You barely miss the wight.
The wight is moderately damaged.
The wight hits you with a +3 scimitar!
You die...

#..................#
#####..................#
...##..................#
...##).....#...........#
....'<.....#...........#
###.#.)....#####.#######
.##.#......# #.#
.##.#......#####.#
...............z@#
#.#........#######
#.)###..##.#
##.#....##.########
#...#..##........#
###..##.##.##.....#
#.................#
#.....#.#####.....#
#.....#.# #######


You could see a wight.

Vanquished Creatures
  An ice beast (D:2)
  A wight (D:3)
  A centaur skeleton (D:4)
  Terence (D:2)
  Robin (D:2)
  3 adders
  A gnoll (D:3)
  A dart slug (D:4)
  7 orcs (D:3)
  3 bats
  2 giant cockroaches
  12 goblins
  9 hobgoblins
  7 kobolds
  3 quokkas
  9 ball pythons
  A frilled lizard (D:1)
  A rat (D:2)
64 creatures vanquished.

Notes
Turn   | Place    | Note
-------+----------+-------------------------------------------
     0 | D:1      | nightchill the Hill Orc Fighter began the quest for the
                  | Orb.
     0 | D:1      | Reached XP level 1. HP: 19/19 MP: 1/1
   110 | D:1      | Got An Introduction to the Arcane Arts
   130 | D:1      | Reached skill level 3 in Axes
   193 | D:1      | Found a faded altar of an unknown god.
   512 | D:1      | Reached XP level 2. HP: 27/27 MP: 2/2
   817 | D:2      | Noticed Robin
  1247 | D:2      | Killed Robin
  1248 | D:2      | Reached skill level 4 in Axes
  1248 | D:2      | Reached XP level 3. HP: 28/33 MP: 3/3
  1503 | D:2      | Noticed Terence
  1513 | D:2      | Killed Terence
  1514 | D:2      | Reached skill level 5 in Axes
  1514 | D:2      | Reached XP level 4. HP: 37/41 MP: 4/4
  1994 | D:2      | Found a runed translucent door.
  1995 | D:2      | Noticed Crazy Yiuf
  2344 | D:3      | Noticed an ice beast
  2364 | D:2      | Killed an ice beast
  2365 | D:2      | Reached skill level 5 in Fighting
  2365 | D:2      | Reached skill level 6 in Axes
  2365 | D:2      | Reached XP level 5. HP: 38/48 MP: 5/5
  2561 | D:3      | Found a faded altar of an unknown god.
  2567 | D:3      | Found a sparkling altar of Nemelex Xobeh.
  2606 | D:3      | Found an iron altar of Okawaru.
  2660 | D:3      | Reached XP level 6. HP: 56/56 MP: 6/6
  2745 | D:3      | Found a shadowy altar of Dithmenos.
  2879 | D:3      | Reached skill level 7 in Axes
  2997 | D:4      | HP: 1/53 [wight/+1 halberd (13)]
  3000 | D:3      | Mangled by a wight

Illustrated notes

Levels and vault maps discovered:
D:1:      lemuel_arrival_tunnels, layout_basic,
          hellmonk_ecumenical_altar_crossroads, corexii_item_surrounded_by_moat,
          nicolae_concentric_dashed_squares_wild
D:2:      layout_loops_ring, uniq_terence, uniq_robin, uniq_crazy_yiuf_cottage
D:3:      layout_basic, grunt_dithmenos_smoke_and_mirrors,
          nicolae_overflow_ecumenical_swirl, okawaru_altar_gauntlet_db
D:4:      layout_rooms, general_overflow_altar, serial_shops,
          kennysheep_little_box, serial_rivers, chequers_serial_rivers_large_b,
          chequers_serial_rivers_room_a, chequers_serial_rivers_small_a,
          chequers_serial_rivers_room_a, uniq_pikel

Skill      XL: |  1  2  3  4  5  6 |
---------------+-------------------+-----
Axes           | 3 4 5 6 7 |  7.2
Fighting       | 4 5 |  5.6
Armour         | |  3.2
Shields        | |  3.2

Action                   |  1- 3 |  4- 6 || total
-------------------------+-------+-------++-------
Melee: War axe           |    82 |   101 ||   183
  Use: Potion            |       |     1 ||     1
Armor: Scale mail        |     9 |       ||     9
       Plate armour      |    36 |    97 ||   133
Dodge: Dodged            |    27 |    25 ||    52
Block: Buckler           |    35 |    30 ||    65
